General information
			
			
        
        - name: BNet
 
        - type: Ladder team game (AT/RT)
 
        - host: Battle.net
 
        - saver: 66Dragon6
 
        
map: Friends 
        - players: 8
 
        - length: 12:06
 
        - speed: Fast
 - version: 1.22 W3XP
 - replay type:  Public
 
» download(97 KB)
Players
        team 1 (winner) 
              
              
» 
FatalError (
purple | 57 APM | 691 actions | 12:04)
              
 4 Death Knight 
 2 Death Coil
 2 Unholy Aura
 
                » actions 
                
                | Assign group hotkey | 9 |  | 
| Basic commands | 44 |  | 
| Build / train | 32 |  | 
| Enter build submenu | 14 |  | 
| Enter hero's abilities submenu | 4 |  | 
| Right click | 179 |  | 
| Select / deselect | 98 |  | 
| Select group hotkey | 271 |  | 
| Use ability | 39 |  | 
                691 total
 » units 
                
                | Acolyte | 3 |  | 
| Ghoul | 4 |  | 
| Crypt Fiend | 5 |  | 
| Obsidian Statue | 1 |  | 
| Frost Wyrm | 4 |  | 
                17 total
 » upgrades
                
                | Creature Attack | 2 |  | 
| Web | 1 |  | 
| Creature Carapace | 1 |  | 
| Burrow | 1 |  | 
                5 total
 » buildings
                
                | Ziggurat | 6 |  | 
| Altar of Darkness | 1 |  | 
| Crypt | 1 |  | 
| Nerubian Tower | 1 |  | 
| Graveyard | 1 |  | 
| Halls of the Dead | 1 |  | 
| Tomb of Relics | 1 |  | 
| Slaughterhouse | 1 |  | 
| Black Citadel | 1 |  | 
| Sacrificial Pit | 1 |  | 
| Boneyard | 2 |  | 
                17 total
 » build order
                00:12 Ziggurat
00:16 Altar of Darkness
00:39 Crypt
01:05 Nerubian Tower
01:20 Graveyard
01:50 Ziggurat
03:01 Halls of the Dead
04:00 Ziggurat
04:12 Tomb of Relics
05:35 Slaughterhouse
06:16 Ziggurat
06:30 Black Citadel
07:54 Sacrificial Pit
09:04 Boneyard
09:08 Boneyard
09:34 Ziggurat
10:34 Ziggurat
» items
                 
               
              
              
» 
Tint (
teal | 102 APM | 1237 actions | 12:04)
              
 4 Archmage 
 2 Summon Water Elemental
 2 Brilliance Aura
 3 Blood Mage 
 2 Flame Strike
 1 Siphon Mana
 
                » actions 
                
                | Assign group hotkey | 138 |  | 
| Basic commands | 18 |  | 
| Build / train | 42 |  | 
| Enter build submenu | 14 |  | 
| Enter hero's abilities submenu | 7 |  | 
| Give item / drop item | 1 |  | 
| Remove unit from queue | 2 |  | 
| Right click | 506 |  | 
| Select / deselect | 330 |  | 
| Select group hotkey | 84 |  | 
| Use ability | 94 |  | 
                1237 total
 » units 
                
                | Peasant | 9 |  | 
| Footman | 1 |  | 
| Rifleman | 8 |  | 
| Priest | 1 |  | 
| Spell Breaker | 1 |  | 
                20 total
 » upgrades
                » buildings
                
                | Altar of Kings | 1 |  | 
| Lumber Mill | 1 |  | 
| Farm | 7 |  | 
| Barracks | 1 |  | 
| Blacksmith | 1 |  | 
| Scout Tower | 1 |  | 
| Keep | 1 |  | 
| Arcane Tower | 1 |  | 
| Arcane Vault | 1 |  | 
| Arcane Sanctum | 1 |  | 
                16 total
 » build order
                00:06 Altar of Kings
00:19 Lumber Mill
00:34 Farm
01:05 Barracks
01:15 Farm
01:46 Blacksmith
01:56 Farm
03:11 Scout Tower
03:34 Keep
03:47 Farm
04:05 Arcane Tower
04:09 Farm
05:00 Arcane Vault
06:22 Arcane Sanctum
06:41 Farm
10:15 Farm
» items
                
                | Rod of Necromancy | 1 |  | 
| Scroll of Regeneration | 1 |  | 
| Potion of Healing | 2 |  | 
| Scroll of Town Portal | 2 |  | 
                6 total
  
               
              
              
66Dragon6 (
yellow | 102 APM | 1235 actions | 12:06)
              
 3 Death Knight 
 2 Death Coil
 1 Unholy Aura
 1 Lich 
 1 Frost Nova
 
                » actions 
                
                | Assign group hotkey | 23 |  | 
| Build / train | 34 |  | 
| Enter build submenu | 11 |  | 
| Enter hero's abilities submenu | 4 |  | 
| Right click | 572 |  | 
| Select / deselect | 182 |  | 
| Select group hotkey | 362 |  | 
| Use ability | 47 |  | 
                1235 total
 » units 
                
                | Acolyte | 2 |  | 
| Ghoul | 2 |  | 
| Crypt Fiend | 10 |  | 
                14 total
 » upgrades
                » buildings
                
                | Graveyard | 1 |  | 
| Ziggurat | 4 |  | 
| Crypt | 1 |  | 
| Altar of Darkness | 1 |  | 
| Tomb of Relics | 1 |  | 
| Nerubian Tower | 2 |  | 
| Halls of the Dead | 3 |  | 
| Black Citadel | 3 |  | 
| Spirit Tower | 1 |  | 
| Sacrificial Pit | 1 |  | 
| Boneyard | 2 |  | 
                20 total
 » build order
                00:07 Graveyard
00:14 Ziggurat
00:37 Crypt
00:57 Altar of Darkness
01:12 Ziggurat
01:26 Tomb of Relics
02:03 Nerubian Tower
02:03 Nerubian Tower
03:50 Halls of the Dead
03:51 Halls of the Dead
04:23 Ziggurat
07:05 Black Citadel
07:06 Black Citadel
07:50 Spirit Tower
09:02 Sacrificial Pit
10:11 Boneyard
10:13 Boneyard
11:49 Ziggurat
» items
                
                | Rod of Necromancy | 3 |  | 
| Dust of Appearance | 1 |  | 
                4 total
  
               
              
              
» 
TIMG4STRok (
blue | 77 APM | 931 actions | 12:04)
              
 4 Priestess of the Moon 
 2 Trueshot Aura
 2 Scout
 
                » actions 
                
                | Assign group hotkey | 10 |  | 
| Basic commands | 47 |  | 
| Build / train | 34 |  | 
| ESC pressed | 4 |  | 
| Enter build submenu | 20 |  | 
| Enter hero's abilities submenu | 4 |  | 
| Right click | 424 |  | 
| Select / deselect | 104 |  | 
| Select group hotkey | 248 |  | 
| Use ability | 36 |  | 
                931 total
 » units 
                » upgrades
                » buildings
                
                | Altar of Elders | 1 |  | 
| Moon Well | 8 |  | 
| Hunter's Hall | 2 |  | 
| Ancient of War | 1 |  | 
| Tree of Ages | 1 |  | 
| Tree of Eternity | 1 |  | 
| Ancient of Wind | 2 |  | 
| Ancient of Wonders | 1 |  | 
| Ancient Protector | 2 |  | 
| Chimaera Roost | 2 |  | 
                21 total
 » build order
                00:07 Altar of Elders
00:24 Moon Well
01:27 Hunter's Hall
01:52 Ancient of War
02:06 Moon Well
03:27 Tree of Ages
03:33 Moon Well
05:46 Moon Well
05:49 Tree of Eternity
05:52 Ancient of Wind
05:58 Ancient of Wind
06:35 Moon Well
06:38 Moon Well
06:44 Ancient of Wonders
07:18 Ancient Protector
07:32 Ancient Protector
08:27 Chimaera Roost
09:02 Chimaera Roost
09:06 Hunter's Hall
09:30 Moon Well
09:34 Moon Well
» items
                
                | Orb of Venom | 1 |  | 
| Potion of Healing | 1 |  | 
| Runed Bracers | 1 |  | 
                3 total
  
               team 2 (loser) 
              
              
» 
oldmoney (
green | 61 APM | 668 actions | 11:01)
              
 2 Warden 
 1 Shadow Strike
 1 Blink
 
                » actions 
                
                | Assign group hotkey | 16 |  | 
| Basic commands | 14 |  | 
| Build / train | 45 |  | 
| Enter build submenu | 9 |  | 
| Enter hero's abilities submenu | 2 |  | 
| Right click | 342 |  | 
| Select / deselect | 145 |  | 
| Select group hotkey | 72 |  | 
| Use ability | 23 |  | 
                668 total
 » units 
                » upgrades
                
                | Strength of the Moon | 1 |  | 
| Moon Armor | 1 |  | 
                2 total
 » buildings
                
                | Altar of Elders | 1 |  | 
| Moon Well | 4 |  | 
| Ancient of War | 2 |  | 
| Hunter's Hall | 1 |  | 
                8 total
 » build order
                00:07 Altar of Elders
00:24 Moon Well
01:56 Ancient of War
01:57 Ancient of War
02:03 Hunter's Hall
02:15 Moon Well
02:33 Moon Well
04:32 Moon Well
» items
                 
               
              
              
Ze.Rath3isaFaig (
red | 85 APM | 925 actions | 10:56)
              
 2 Death Knight 
 1 Death Coil
 1 Unholy Aura
 2 Priestess of the Moon 
 1 Trueshot Aura
 1 Searing Arrows
 
                » actions 
                
                | Assign group hotkey | 14 |  | 
| Basic commands | 142 |  | 
| Build / train | 46 |  | 
| ESC pressed | 2 |  | 
| Enter build submenu | 30 |  | 
| Enter hero's abilities submenu | 4 |  | 
| Remove unit from queue | 2 |  | 
| Right click | 281 |  | 
| Select / deselect | 281 |  | 
| Select group hotkey | 33 |  | 
| Use ability | 90 |  | 
                925 total
 » units 
                
                | Acolyte | 2 |  | 
| Wisp | 13 |  | 
| Ghoul | 2 |  | 
| Archer | -1 |  | 
| Huntress | 12 |  | 
| Crypt Fiend | 2 |  | 
                30 total
 » upgrades
                
                | Strength of the Moon | 1 |  | 
| Creature Attack | 1 |  | 
| Creature Carapace | 1 |  | 
                3 total
 » buildings
                
                | Moon Well | 5 |  | 
| Graveyard | 1 |  | 
| Crypt | 2 |  | 
| Ziggurat | 4 |  | 
| Ancient of War | 4 |  | 
| Hunter's Hall | 1 |  | 
| Altar of Darkness | 1 |  | 
| Altar of Elders | 1 |  | 
| Tree of Ages | 3 |  | 
| Halls of the Dead | 1 |  | 
| Ancient Protector | 1 |  | 
                24 total
 » build order
                00:39 Moon Well
00:49 Graveyard
00:54 Crypt
00:55 Ziggurat
01:02 Ancient of War
01:20 Moon Well
01:28 Hunter's Hall
02:25 Altar of Darkness
02:29 Altar of Elders
02:44 Ziggurat
03:40 Ancient of War
03:49 Ancient of War
03:51 Ancient of War
03:56 Moon Well
04:08 Moon Well
04:42 Moon Well
05:32 Ziggurat
08:13 Tree of Ages
08:51 Halls of the Dead
08:54 Crypt
08:56 Ziggurat
09:11 Ancient Protector
09:57 Tree of Ages
09:58 Tree of Ages
 
               
              
              
              
» 
HoneyBlunt (
orange | 70 APM | 840 actions | 12:04)
              
 3 Keeper of the Grove 
 1 Entangling Roots
 2 Force of Nature
 1 Warden 
 1 Shadow Strike
 
                » actions 
                
                | Assign group hotkey | 6 |  | 
| Basic commands | 4 |  | 
| Build / train | 38 |  | 
| Enter build submenu | 11 |  | 
| Enter hero's abilities submenu | 5 |  | 
| Right click | 424 |  | 
| Select / deselect | 184 |  | 
| Select group hotkey | 142 |  | 
| Use ability | 26 |  | 
                840 total
 » units 
                » upgrades
                
                | Improved Bows | 1 |  | 
| Strength of the Moon | 1 |  | 
| Moon Armor | 1 |  | 
| Ultravision | 1 |  | 
| Abolish Magic | 1 |  | 
                5 total
 » buildings
                
                | Altar of Elders | 1 |  | 
| Moon Well | 4 |  | 
| Ancient of War | 2 |  | 
| Ancient of Wonders | 1 |  | 
| Tree of Ages | 1 |  | 
| Hunter's Hall | 1 |  | 
| Ancient of Lore | 2 |  | 
                12 total
 » build order
                00:20 Altar of Elders
00:27 Moon Well
01:10 Ancient of War
01:36 Ancient of War
01:52 Moon Well
02:13 Moon Well
02:21 Ancient of Wonders
05:37 Tree of Ages
06:01 Hunter's Hall
08:59 Ancient of Lore
09:19 Moon Well
10:41 Ancient of Lore
» items
                
                | Scroll of Town Portal | 1 |  | 
| Lesser Clarity Potion | 1 |  | 
                2 total
  
                Chat log
          (00:03 / All) TIMG4STRok: HOODY HOOOOOO
(00:20 / All) TIMG4STRok: should i stab 66dragon again
(00:26 / All) oldmoney: yes.
(00:29 / All) HoneyBlunt: evil!
(00:32 / Allies) 66Dragon6: depends if you want a free win or not
(00:53 / Allies) 66Dragon6: yay! tint is human
(01:01 / Allies) TIMG4STRok: listen
(01:02 / Allies) TIMG4STRok: faggot
(01:04 / Allies) TIMG4STRok: dont talk this game
(01:06 / Allies) TIMG4STRok: and i might not stab you
(02:52 / All) oldmoney: u say u bout bsin but u aint bout it nigga
(03:10 / All) TIMG4STRok: i told him not to talk if he doesnt want to get stabbed
(03:15 / All) TIMG4STRok: he hasnt said anything yet
(03:19 / All) oldmoney: oooo bitch nigga
(03:25 / All) oldmoney: scared like tony yayo
(03:49 / All) oldmoney: hackers
(05:23 / All) Ze.Rath3isaFaig: lol
(07:30 / Allies) FatalError: give me that plz
(08:07 / All) Ze.Rath3isaFaig: woops
(08:37 / All) Ze.Rath3isaFaig: wtf did green go
(08:52 / Allies) TIMG4STRok: wood
(10:47 / All) Ze.Rath3isaFaig: realy don't have the time to do this
(10:50 / All) Ze.Rath3isaFaig: i need another win
(10:51 / All) Ze.Rath3isaFaig: later
(11:35 / All) HoneyBlunt: ouch guys this hurts
(11:41 / All) 66Dragon6: Visit www.highper.ch for this and many other replays
(11:47 / All) TIMG4STRok: dont lkeave
(11:50 / All) TIMG4STRok: im killing him
(11:58 / All) HoneyBlunt: kinda lame